 Dungeon Crawl Stone Soup version 0.28-a0-732-g75e6d9beac (webtiles) character file.

Game seed: 15836205700321999592

76 Colgate the Slasher (level 4, -7/33 HPs)
             Began as a Djinni Warper on Oct 29, 2021.
             Was a Plaything of Xom.
             Mangled by Crazy Yiuf (16 damage)
             ... on level 3 of the Dungeon.
             The game lasted 00:16:26 (3923 turns).

Colgate the Slasher (Djinni Warper)                 Turns: 3923, Time: 00:16:28

Health: -7/33      AC:  2    Str:  9 (10) XL:     4   Next: 57%
Gold:   113        EV: 11    Int: 15 (16) God:    Xom [...*..] SH:  0 Dex:  7 (8)

rFire   + + .      SeeInvis .   a - +0 falchion
rCold   x . .      Faith    .   (no shield)
rNeg    . . .      Spirit   .   j - +0 robe
rPois   ∞          Reflect  .   (no helmet)
rElec   +          Harm     .   (no cloak)
rCorr   .          Rampage  .   (no gloves)
Will    .....                   (boots unavailable)
Stlth   +.........              (no amulet)
HPRegen 0.11/turn               (no ring)
MPRegen 0.00/turn               (no ring)

@: flying, unable to read
A: sickness immunity, fire resistance 2, cold vulnerability 1, float, innate
caster, hp casting, extra vitality 1, clumsy 2, deterioration 1, electricity
resistance, inability to read while threatened
a: Renounce Religion


You were on level 3 of the Dungeon.
You worshipped Xom.
You were a favourite toy of Xom.
You visited 1 branch of the dungeon, and saw 3 of its levels.

You collected 113 gold pieces.

Inventory:

Hand Weapons
 a - a +0 falchion (weapon)
Missiles
 d - 5 boomerangs of dispersal
 h - 21 stones
 k - 45 arrows
 q - 16 sling bullets
Armour
 b - a +0 leather armour
 j - a +0 robe (worn)
 m - a +0 buckler
Wands
 o - a wand of paralysis (6)
 s - a wand of flame (12)
Scrolls
 c - a scroll of blinking
 e - a scroll of teleportation {unknown}
 l - 2 scrolls of identify {unknown}
 p - a scroll of amnesia {unknown}
 r - a scroll of noise {unknown}
 t - a scroll of fog {unknown}
 u - a scroll of magic mapping {unknown}
Potions
 f - 2 potions of heal wounds {unknown}
 g - a potion of haste {unknown}
 i - a potion of brilliance {unknown}
 n - a potion of curing {unknown}
 v - a potion of mutation {unknown}


   Skills:
 - Level 2.0 Fighting
 - Level 4.0 Long Blades
 - Level 0.7 Throwing
 - Level 1.0 Armour
 - Level 2.1 Dodging
 + Level 2.4 Spellcasting


You couldn't memorise any spells.
You knew the following spells:

 Your Spells              Type           Power      Damage    Failure   Level
a - Blink                 Tloc           18%        N/A       12%         2
b - Lesser Beckoning      Tloc           9%         N/A       22%         3
c - Gell's Gravitas       Tloc           4%         N/A       22%         3
d - Teleport Other        Tloc           9%         N/A       22%         3
e - Manifold Assault      Tloc           9%         N/A       91%         5
f - Shock                 Conj/Air       36%        1d5       8%          1
Your spell library was empty.

Dungeon Overview and Level Annotations

Branches:
Dungeon (3/15)

Altars:
Xom

Annotations:
D:3 Crazy Yiuf, Jessica


Innate Abilities, Weirdness & Mutations

You are immune to sickness and miasma.
You are immune to poison.
Your flesh is very heat resistant. (rF++)
You are vulnerable to cold. (rC-)
You float through the air rather than walking.
You learn spells naturally, not from books.
Your magical power is your life essence.
You have superior vitality. (+4 HP)
You are very clumsy. (Dex -4)
Your body sometimes deteriorates upon taking damage.
You are resistant to electric shocks. (rElec)
You sometimes lose the ability to read scrolls when taking damage.


Message History

Nothing appears to happen.
The ball python hisses angrily.
The zap misses the ball python.
The zap hits the ball python.
You kill the ball python!
Your magical contamination has completely faded away. "Whee!"
Your surroundings suddenly seem different.
Your surroundings suddenly seem different.
Your surroundings seem slightly different.
Your surroundings suddenly seem different.
Found a mace.
Found a mace.
You see here a +0 mace.
Found four maces.
Found a runed translucent door.
You see here a +0 mace.
Crazy Yiuf shouts!
You see here a +0 mace.
Crazy Yiuf cries, "Trifle!
Blight down bag."
You see here a +0 mace.
Found a mace.
You reach down and open the door.
You hit Crazy Yiuf.
Crazy Yiuf is moderately wounded.
Crazy Yiuf hits you with a +4 quarterstaff of chaos.
Your body deteriorates!
You feel weakened. Crazy Yiuf freezes you.
You hit Crazy Yiuf.
Crazy Yiuf is heavily wounded.
Crazy Yiuf hits you with a +4 quarterstaff of chaos!
You feel threatened and lose the ability to read scrolls!
* * * LOW HITPOINT WARNING * * *
Your body deteriorates!
You feel dopey.
You hit Crazy Yiuf but do no damage.
Crazy Yiuf is moderately wounded.
You can read scrolls again.
Crazy Yiuf hits you with a +4 quarterstaff of chaos!
You feel threatened and lose the ability to read scrolls!
You die...
Xom bursts into laughter!

##.# ## #.. ..# .####..#### #
#..... #..... ####.... ###
♣♣##......#. #)..#♣♣
♣♣..+........
#..)g@♣♣♣♣........#...
#.).#♣))♣)......#.#... ###
♣♣♣)♣...+..#.....
♣♣♣♣♣##........ #....#
#........
#....################..###...
#............................
#.......###....#.####.##.....
#.##..#.###.#....##...##.#...


You could see Crazy Yiuf.

Vanquished Creatures
  3 adders
  2 worms
  2 dart slugs (D:2)
  An orc (D:3)
  A ball python (D:3)
  4 endoplasms
  3 giant cockroaches
  A goblin (D:2)
  7 hobgoblins
  A quokka (D:2)
  3 bats
  7 frilled lizards
  5 kobolds
40 creatures vanquished.

Notes
Turn   | Place    | Note
-------+----------+-------------------------------------------
     0 | D:1      | Colgate the Djinni Warper began the quest for the Orb.
     0 | D:1      | Reached XP level 1. HP: 18/18 MP: 0/0
   385 | D:1      | Reached skill level 2 in Long Blades
   680 | D:1      | Reached XP level 2. HP: 23/23 MP: 0/0
   725 | D:1      | Found a faded altar of an unknown god.
   732 | D:1      | Prayed at the altar of an unknown god.
   732 | D:1      | Became a worshipper of The Xom-Meister
  1421 | D:2      | XOM: 4-stop teleportation journey
  1430 | D:2      | Reached skill level 3 in Long Blades
  1430 | D:2      | Reached XP level 3. HP: 9/28 MP: 0/0
  1430 | D:2      | Learned a level 1 spell: Shock
  1700 | D:2      | XOM: give mutation
  1700 | D:2      | Gained mutation: You are clumsy. (Dex -2) [Xom's mischief]
  1915 | D:2      | XOM: give mutations
  1915 | D:2      | Gained mutation: Your body sometimes deteriorates upon
                  | taking damage. [Xom's mischief]
  1915 | D:2      | Gained mutation: You are resistant to electric shocks.
                  | (rElec) [Xom's mischief]
  1915 | D:2      | Gained mutation: You are very clumsy. (Dex -4) [Xom's
                  | mischief]
  1915 | D:2      | Gained mutation: You sometimes lose the ability to read
                  | scrolls when taking damage. [Xom's mischief]
  2321 | D:2      | XOM: scenery: summon butterflies
  2393 | D:2      | XOM: divination: detect items
  2560 | D:2      | XOM: noise
  2690 | D:2      | Reached XP level 4. HP: 19/33 MP: 0/0
  2792 | D:2      | XOM: silly message
  3364 | D:3      | Reached skill level 4 in Long Blades
  3507 | D:3      | Noticed Jessica
  3712 | D:2      | XOM: scenery: create altars
  3768 | D:2      | XOM: god gift: bubbling pink potion {god gift}
  3913 | D:3      | XOM: 4-stop teleportation journey
  3916 | D:3      | Found a runed translucent door.
  3917 | D:3      | Noticed Crazy Yiuf
  3923 | D:3      | Mangled by Crazy Yiuf

Illustrated notes

Levels and vault maps discovered:
D:1:      lightli_arrival_lavapool, layout_loops_corners,
          ebering_ecumenical_altar_sacrificial
D:2:      layout_loops_ring, nrook_uturn, serial_park_tiny_2
D:3:      layout_rooms, nicolae_ru_path_of_blood, minivault_19, st_stairs_3,
          serial_bayou_pond_a, uniq_jessica, uniq_crazy_yiuf_cottage

Skill      XL: |  1  2  3  4 |
---------------+-------------+-----
Long Blades    | 2 3 4 |  4.0
Fighting       | |  2.0
Throwing       | |  0.7
Armour         | |  1.0
Dodging        | |  2.1
Spellcasting   | |  2.4

Action                   |  1- 3 |  4- 6 || total
-------------------------+-------+-------++-------
Melee: Falchion          |    65 |    25 ||    90
 Cast: Shock             |    36 |    38 ||    74
       Blink             |     2 |     4 ||     6
 Stab: Sleeping          |     1 |       ||     1
Armor: Leather armour    |     1 |       ||     1
       Robe              |     5 |     6 ||    11
Dodge: Dodged            |    44 |    27 ||    71

Table legend: (Time is in decaauts)
 A = Elapsed time spent in this place.
 B = Non-inter-level travel time spent in this place.
 C = Inter-level travel time spent in this place.
 D = Time resting spent in this place.
 E = Time spent auto-exploring this place.
 F = Levels seen in this place.
 G = Mean time per level.
                   A        B        C        D        E       F      G
               +--------+--------+--------+--------+--------+-----+--------+
         Total |   3939 |   3735 |    204 |    233 |   2856 |   3 | 1313.0 |
       Dungeon |   3939 |   3735 |    204 |    233 |   2856 |   3 | 1313.0 |
               +--------+--------+--------+--------+--------+-----+--------+

Top non-repeatable levels by time:
     D:2: 2043 daAuts
     D:1: 1331 daAuts
     D:3: 564 daAuts
